 Dungeon Crawl Stone Soup version 0.31-a0-564-g3b7de120b3 (webtiles) character file.

Game seed: 15971503980085492772

1721197 Voda the Conqueror (level 26, 266/266 HPs)
             Began as a Minotaur Gladiator on Aug 17, 2023.
             Was the Champion of Qazlal.
             Escaped with the Orb
             ... and 3 runes!
             The game lasted 03:36:08 (66594 turns).

Voda the Conqueror (Minotaur Gladiator)            Turns: 66594, Time: 03:36:09

Health: 266/266    AC: 51    Str: 28    XL:     26   Next: 91%
Magic:  34/34      EV: 16    Int:  5    God:    Qazlal [******]
Gold:   3806       SH: 35    Dex: 13    Spells: 25/25 levels left

rFire   + + +        X - +9 broad axe (heavy)
rCold   + + +        F - +3 tower shield {AC+3}
rNeg    + . .        L - +12 gold dragon scales
rPois   +            c - +2 hat
rElec   .            V - scarf {rC+ rF+}
rCorr   .            J - +0 pair of gloves
SInv    .            k - +2 pair of boots
Will    ++...        b
                       - Hermit's Pendant {Faith Invo=14 Evo=0 MP+5} Stlth
                     K - ring of willpower
HPRegen 0.64/turn    Z - ring "Xealir" {rPois rC+ rN+ Slay+4}
MPRegen 0.24/turn

%: repel missiles, faith
@: studying Short Blades
A: horns 2, retaliatory headbutt, talons 1, fire resistance 1, low MP 1,
screaming 1, shaggy fur 1, weak 1, subdued magic 1, MP-powered wands
0: Orb of Zot
}: 3/15 runes: serpentine, barnacled, silver
a: Renounce Religion, Upheaval, Elemental Force, Disaster Area


You escaped.
You worshipped Qazlal.
Qazlal was exalted by your worship.
You visited 11 branches of the dungeon, and saw 51 of its levels.
You visited the Abyss 1 time.
You also visited: Ice Cave.

You collected 9874 gold pieces.
You spent 6068 gold pieces at shops.

Inventory:

Hand Weapons
 a - the +8 trident of the Octopus King {venom, rElec rPois}
   (You bought it in a shop on level 2 of the Orcish Mines)

   rElec:     It insulates you from electricity.
   rPois:     It protects you from poison
 X - a +9 heavy broad axe (weapon)
Missiles
 d - 4 throwing nets
 M - a curare-tipped dart (quivered)
Armour
 c - a +2 hat (worn)
 k - a +2 pair of boots (worn)
 F - a +3 tower shield of protection (worn)
 J - a +0 pair of gloves (worn)
 L - +12 gold dragon scales (worn)
 V - a scarf of resistance (worn)
Jewellery
 b - the Hermit's Pendant (around neck) {Faith Invo=14 Evo=0 MP+5}
   (You found it on level 3 of the Dungeon)

   [amulet of faith]

   Invo=14: It sets your Invocations skill to 14.
   Evo=0: It sets your Evocations skill to 0.
   Faith:     It allows you to gain divine favour quickly.
   MP+5:      It affects your magic capacity (+5).
 e - a +4 ring of protection
 f - a ring of protection from cold
 m - a ring of protection from fire
 q - a ring of see invisible
 z - a ring of poison resistance
 B - an amulet of magic regeneration
 K - a ring of willpower (left hand)
 P - a ring of flight
 Q - a +5 ring of evasion
 R - the amulet "Ponaaps" {Reflect Regen+ Str+3 Slay+5 SH+5}
   (You found it on level 1 of the Elven Halls)

   [amulet of reflection]

   Reflect:   It reflects blocked missile attacks.
   Str+3:     It affects your strength (+3).
   Slay+5:    It affects your accuracy & damage with ranged weapons and melee
   (+5).
   Regen+:    It increases your rate of health regeneration.
   SH+5:      It affects your SH (+5).
 Z - the ring "Xealir" (right hand) {rPois rC+ rN+ Slay+4}
   (You found it on level 1 of the Realm of Zot)

   [ring of slaying]

   Slay+4:    It affects your accuracy & damage with ranged weapons and melee
   (+4).
   rC+:       It protects you from cold.
   rPois:     It protects you from poison rN+: It protects you from negative
   energy.
Wands
 t - a wand of digging (17)
 C - a wand of roots (62)
 D - a wand of quicksilver (34)
 I - a wand of paralysis (93)
Scrolls
 g - 5 scrolls of butterflies
 h - 28 scrolls of teleportation
 i - 6 scrolls of fog
 l - 3 scrolls of silence
 n - 11 scrolls of amnesia
 s - 15 scrolls of fear
 v - 9 scrolls of immolation
 y - 3 scrolls of brand weapon
 S - 4 scrolls of poison
 T - 10 scrolls of revelation
 U - 10 scrolls of blinking
 Y - 2 scrolls of noise
Potions
 j - 4 potions of enlightenment
 o - 7 potions of mutation
 p - 6 potions of attraction
 r - a potion of berserk rage
 u - 18 potions of curing
 w - 4 potions of lignification
 x - a potion of ambrosia
 A - 6 potions of haste
 E - 4 potions of resistance
 G - 10 potions of heal wounds
 H - 3 potions of cancellation
 N - 6 potions of magic
 O - 4 potions of might
 W - 5 potions of invisibility


   Skills:
 O Level 27 Fighting
 + Level 24.1(24.4) Axes
 - Level 8.0(17.6) Polearms
 - Level 2.5 Throwing
 O Level 27 Armour
 + Level 24.3 Dodging
 O Level 27 Shields


You had 25 spell levels left.
You didn't know any spells.
Your spell library contained the following spells:

 Spells                   Type           Power      Damage    Failure   Level
 Apportation              Tloc           0%         N/A       96%         1
 Foxfire                  Conj/Fire      0%         2x1d4     96%         1
 Magic Dart               Conj           0%         1d3       96%         1
 Necrotise                Necr           0%         1d4       96%         1
 Sandblast                Erth           0%         2d4       96%         1
 Shock                    Conj/Air       0%         1d3       96%         1
 Slow                     Hex            0%         N/A       96%         1
 Sting                    Tmut/Pois      0%         1d3       96%         1
 Summon Small Mammal      Summ           0%         N/A       96%         1
 Blink                    Tloc           0%         N/A       99%         2
 Call Imp                 Summ           0%         N/A       99%         2
 Cigotuvi's Dreadful Rot  Necr/Pois/Air  0%         N/A       99%         2
 Ensorcelled Hibernation  Hex/Ice        0%         N/A       99%         2
 Lesser Beckoning         Tloc           0%         N/A       99%         2
 Momentum Strike          Conj/Tloc      0%         3d8       99%         2
 Passwall                 Tmut/Erth      0%         N/A       99%         2
 Poisonous Vapours        Pois/Air       0%         N/A       99%         2
 Scorch                   Fire           0%         2d5       99%         2
 Searing Ray              Conj           0%         2d4       99%         2
 Sublimation of Blood     Necr           0%         N/A       99%         2
 Wereblood                Tmut           0%         N/A       99%         2
 Call Canine Familiar     Summ           0%         N/A       100%        3
 Confusing Touch          Hex            0%         N/A       100%        3
 Dazzling Flash           Conj/Hex       0%         N/A       100%        3
 Frozen Ramparts          Ice            0%         1d1       100%        3
 Gell's Gravitas          Tloc           0%         N/A       100%        3
 Ignite Poison            Fire/Tmut/Pois 0%         N/A       100%        3
 Mephitic Cloud           Conj/Pois/Air  0%         N/A       100%        3
 Ozocubu's Armour         Ice            0%         N/A       100%        3
 Portal Projectile        Hex/Tloc       0%         N/A       100%        3
 Stone Arrow              Conj/Erth      0%         3d7       100%        3
 Summon Guardian Golem    Hex/Summ       0%         N/A       100%        3
 Swiftness                Air            0%         N/A       100%        3
 Teleport Other           Tloc           0%         N/A       100%        3
 Tukima's Dance           Hex            0%         N/A       100%        3
 Vampiric Draining        Necr           0%         2d6       100%        3
 Vhi's Electric Charge    Tloc/Air       0%         N/A       100%        3
 Volatile Blastmotes      Fire/Tloc      0%         2d10      100%        3
 Airstrike                Air            0%         2d(0-16)  100%        4
 Animate Armour           Summ/Erth      0%         N/A       100%        4
 Animate Dead             Necr           0%         N/A       100%        4
 Cause Fear               Hex            0%         N/A       100%        4
 Flame Wave               Conj/Fire      0%         2d4       100%        4
 Fulminant Prism          Conj/Hex       0%         3d5       100%        4
 Iskenderun's Mystic Bla  Conj/Tloc      0%         2d3       100%        4
 Leda's Liquefaction      Hex/Erth       0%         N/A       100%        4
 Manifold Assault         Tloc           0%         N/A       100%        4
 Olgreb's Toxic Radiance  Pois           0%         N/A       100%        4
 Passage of Golubria      Tloc           0%         N/A       100%        4
 Petrify                  Tmut/Erth      0%         N/A       100%        4
 Sticky Flame             Conj/Fire      0%         2d3       100%        4
 Summon Ice Beast         Ice/Summ       0%         N/A       100%        4
 Summon Lightning Spire   Summ/Air       0%         N/A       100%        4
 Agony                    Necr           0%         N/A       100%        5
 Alistair's Intoxication  Tmut/Pois      0%         N/A       100%        5
 Arcjolt                  Conj/Air       0%         1d10      100%        5
 Borgnjor's Vile Clutch   Necr/Erth      0%         N/A       100%        5
 Fireball                 Conj/Fire      0%         3d3       100%        5
 Freezing Cloud           Conj/Ice/Air   0%         6-21      100%        5
 Irradiate                Conj/Tmut      0%         3d11      100%        5
 Iskenderun's Battlesphe  Conj           0%         2d6       100%        5
 Lee's Rapid Deconstruct  Erth           0%         3d4*      100%        5
 Metabolic Englaciation   Hex/Ice        0%         N/A       100%        5
 Summon Mana Viper        Hex/Summ       0%         N/A       100%        5
 Yara's Violent Unravell  Hex/Tmut       0%         3d3       100%        5
 Conjure Ball Lightning   Conj/Air       0%         3x3d6     100%        6
 Death Channel            Necr           0%         N/A       100%        6
 Dispersal                Tloc           0%         N/A       100%        6
 Eringya's Noxious Bog    Tmut/Pois      0%         4d6       100%        6
 Leda's Unmaking          Conj/Erth      0%         9d1       100%        6
 Plasma Beam              Fire/Air       0%         2x1d10    100%        6
 Simulacrum               Ice/Necr       0%         N/A       100%        6
 Starburst                Conj/Fire      0%         6d3       100%        6
 Summon Cactus Giant      Summ           0%         N/A       100%        6
 Haunt                    Necr/Summ      0%         N/A       100%        7
 Monstrous Menagerie      Summ           0%         N/A       100%        7
 Orb of Destruction       Conj           0%         9d5       100%        7
 Ozocubu's Refrigeration  Ice            0%         4d7       100%        7
 Spellforged Servitor     Conj/Summ      0%         N/A       100%        7
 Disjunction              Tloc           0%         N/A       100%        8
 Ignition                 Fire           0%         3d3       100%        8
 Infestation              Necr           0%         N/A       100%        8
 Maxwell's Capacitive Co  Air            0%         ∞         100%        8
 Chain Lightning          Conj/Air       0%         N/A       100%        9
 Fire Storm               Conj/Fire      0%         5d1       100%        9
 Shatter                  Erth           0%         3d5*      100%        9


Dungeon Overview and Level Annotations

Branches:
Dungeon (15/15)            Temple (1/1) D:4            Lair (5/5) D:10
 Shoals (4/4) Lair:2        Snake (4/4) Lair:2          Orc (2/2) D:12
    Elf (3/3) Orc:2        Vaults (5/5) D:13          Crypt (3/3) Vaults:3
   Tomb (0/3) Crypt:3      Depths (4/4) D:15            Zot (5/5) Depths:4
  IceCv (visited)
  Slime: Lair:4-5

Altars:
Ashenzari
Dithmenos
Elyvilon
Fedhas
Gozag
Hepliaklqana
Kikubaaqudgha
Makhleb
Nemelex Xobeh
Okawaru
Qazlal
Ru
Sif Muna
Trog
Uskayaw
Vehumet
Wu Jian
Xom
Yredelemnul
Zin
The Shining One
Jiyva

Shops:
D:2 :   D:5 ?   D:6 [   Orc:2 (:[!   Elf:3 (   Shoals:2 *   Shoals:4 :
Snake:2 **   Snake:3 :   Vaults:2 *   Vaults:4 ?:*=*   Vaults:5 ?!!????
Depths:1 *?[   Depths:3 (

Portals:
Hell: Depths:1 Depths:2 Depths:3 Depths:4
Abyss: Depths:3
Pandemonium: Depths:1 Depths:2
Ziggurat: Depths:2

Annotations:
D:2 1 runed translucent door, Crazy Yiuf
Lair:3 1 runed translucent door
Lair:5 1 runed translucent door
Shoals:1 3 runed translucent doors
Snake:4 3 runed translucent doors, Cuwuxaq's ghost, adept MiFi
Orc:2 1 runed translucent door, Ge0ff's ghost, adept BaCK
Elf:2 4 runed translucent doors, Ge0ff's ghost, adept BaNe
Depths:1 2 transporters, Pojesatusi's ghost, adept HOMo
Depths:3 1 runed translucent door, Woifuwat's ghost, veteran MfIE
Zot:4 1 runed translucent door, Dawneret's ghost, master GnFi


Innate Abilities, Weirdness & Mutations

You have a pair of horns on your head.
You reflexively headbutt those who attack you in melee.
You have sharp toenails.
Your flesh is heat resistant. (rF+)
Your magical capacity is low. (-10% MP)
You occasionally shout uncontrollably at your foes.
You are covered in fur. (AC +1)
You are weak. (Str -2)
Your spells are a little easier to cast, but a little less powerful.
You expend magic power (3 MP) to strengthen your wands.


Message History

Unknown command.
Unknown command.
The Brimstone Fiend gestures at you.
The sphere of damnation explodes!
The damnation engulfs you!!
Unknown command.
You block the Brimstone Fiend's attack.
The Brimstone Fiend hits you but does no damage.
You block the Brimstone Fiend's attack.
Unknown command.
You slice the Brimstone Fiend like a ripe choko!!!
You headbutt the Brimstone Fiend.
The Brimstone Fiend is heavily wounded.
You block the Brimstone Fiend's attack.
The Brimstone Fiend hits you but does no damage.
You block the Brimstone Fiend's attack.
You carve the Brimstone Fiend like a ham!!!
You kill the Brimstone Fiend!
Qazlal accepts your kill.
What level of the Dungeon? (default 1, ? - help)
There is a stone staircase leading up here.
You climb upwards.
There is a stone staircase leading down here.
What level of the Dungeon? (default 1, ? - help) You're already here!
You yell at the ynoxinul!
A ynoxinul comes into view.
There is a staircase leading out of the dungeon here.
The ynoxinul gestures.
You slice the ynoxinul!!
The ynoxinul is severely wounded.
You slice the ufetubus!!
You kill the ufetubus!
The ufetubus disappears in a puff of smoke!
You block the ynoxinul's attack.
You open the ynoxinul like a pillowcase!!!
You kill the ynoxinul!
Qazlal accepts your kill.
The ufetubus disappears in a puff of smoke! x2
There is a staircase leading out of the dungeon here.
You have escaped!

## ################# .#
###................
.##############......#######.####
.....................# #.####
.######.#######......#### #.....
.# #.# ##........# #####. ## #.#
##...###)# ###. #.# ####### #.#
###... #.# ####.@.#####.# #...##
#.# #...8.8...##.####.#.#.
#######.# #....○....##........##
#.......####....°....###.#####...
#.########...............# ##..
#.# #.##....###.##### ####.. #.#
#.####.## #.# #....# ..#
##.####.# #.# #..... #.#
####.......# #.# ####...##


There were no monsters in sight!

Vanquished Creatures
  4 ancient liches
  4 dread liches
  9 orbs of fire
  Mara (Depths:3)
  10 Killer Klowns
  Vv (Zot:1)
  Saint Roka (Orc:2)
  3 curse toes (Zot:3)
  2 pandemonium lords
  16 golden dragons
  Jory (Vaults:4)
  the Enchantress (Depths:2)
  A profane servitor (D:10)
  Norris (Vaults:2)
  A Brimstone Fiend (D:2)
  A bone dragon (Crypt:3)
  2 electric golems (Zot:5)
  3 hellephants (Depths:3)
  A shard shrike skeleton (Crypt:3)
  18 tentacled monstrosities
  Zenata (Crypt:3)
  26 Orb Guardians
  3 liches
  10 quicksilver dragons
  3 titans (Vaults:5)
  2 deep elf blademasters (Elf:3)
  2 deep elf master archers (Elf:3)
  A tentacled starspawn (Abyss:2)
  2 thorn hunters (Depths:2)
  2 krakens
  6 death cobs
  3 ancient champions
  The ghost of Endy73 the Brawler, an adept TrFi of Okawaru (Shoals:4)
  3 sphinxes
  8 tengu reavers
  Ilsuiw (Shoals:3)
  16 storm dragons
  13 shadow dragons
  6 draconian monks
  A nagaraja (Snake:4)
  4 draconian knights
  A fenstrider witch (Shoals:4)
  7 fire giants
  An iron dragon (Depths:4)
  3 revenants
  Louise (D:14)
  13 vault wardens
  A caustic shrike zombie (Crypt:3)
  8 deep elf sorcerers
  4 draconian scorchers
  5 frost giants
  2 deep elf elementalists (Elf:3)
  2 ghost moths
  2 balrugs
  4 draconian stormcallers
  3 ghouls
  6 draconian annihilators
  4 angels (Zot:3)
  6 orc warlords
  2 curse skulls (Crypt:2)
  6 draconian shifters
  3 cacodemons
  6 spriggan defenders
  6 ironbound thunderhulks
  6 war gargoyles
  6 vampire knights
  25 ironbound preservers
  18 very ugly things
  An eleionoma (Depths:2)
  10 stone giants
  8 green draconians
  7 deep elf demonologists
  10 black draconians
  11 red draconians
  Nessos (D:12)
  9 purple draconians
  10 yellow draconians
  13 deep elf annihilators
  5 dire elephants
  6 spark wasps
  Snorg (D:11)
  4 white draconians
  A spark wasp (shapeshifter) (Vaults:5)
  3 eidola (Crypt:2)
  5 deep elf death magi
  6 crystal guardians
  3 merfolk javelineers
  13 ettins
  6 merfolk impalers
  A blizzard demon (Depths:1)
  7 jiangshi
  An entropy weaver (Vaults:2)
  5 fire dragons
  11 great orbs of eyes
  12 yaktaur captains
  4 rakshasas
  A spriggan zombie (Crypt:3)
  10 deep elf high priests
  2 spriggan air magi
  7 hydras
  40 vault guards
  4 ogre magi
  7 salamander tyrants
  2 peacekeepers
  A death knight (Crypt:1)
  2 alligator snapping turtles
  7 ice dragons
  8 ironbound frosthearts
  4 catoblepae
  3 merfolk avatars
  3 spriggan skeletons (Crypt:3)
  A merfolk aquamancer (Shoals:4)
  20 anacondas
  6 centaur warriors
  10 two-headed ogres
  15 dancing weapons
  2 boulder beetles
  6 naga warriors
  13 death yaks
  4 tengu warriors
  9 hell hogs (Depths:3)
  9 deep troll earth magi
  10 deep troll shamans
  2 satyrs
  9 vampire magi
  A quicksilver ooze zombie (Crypt:2)
  Nergalle (D:12)
  7 shock serpents
  14 deep elf knights
  An orc high priest (Orc:2)
  2 titan zombies (Crypt:3)
  16 iron trolls
  11 naga sharpshooters
  4 spriggan berserkers
  5 sun demons
  7 hell knights
  2 soul eaters
  A wretched star (Abyss:2)
  A sixfirhy (D:10)
  10 skysharks
  An emperor scorpion zombie (Crypt:2)
  A spatial maelstrom (Abyss:2)
  8 salamander mystics
  A storm dragon skeleton (Crypt:2)
  A sea snake (shapeshifter) (Vaults:5)
  A skyshark (shapeshifter) (Vaults:3)
  4 glowing orange brains
  An iron giant zombie (Crypt:2)
  A golden dragon zombie (Crypt:3)
  23 skeletal warriors
  2 shadow wraiths
  91 deep trolls
  A spriggan druid (Depths:2)
  A death drake (shapeshifter) (Depths:2)
  14 sea snakes
  A glowing orange brain (shapeshifter) (Zot:3)
  9 naga ritualists
  15 ironbound convokers
  A bog body (Crypt:2)
  13 deep elf archers
  18 deep elf pyromancers
  10 necromancers
  6 phantasmal warriors
  5 wizards
  17 lindwurms
  20 deep elf zephyrmancers
  3 flayed ghosts (Crypt:2)
  29 orc knights
  18 mana vipers
  3 harpies (Shoals:2)
  An iron dragon zombie (Crypt:1)
  A tengu skeleton (Vaults:3)
  39 ugly things
  15 fauns
  A faun (shapeshifter) (Vaults:3)
  22 moths of wrath
  5 large abominations (Abyss:2)
  9 manticores
  62 black mambas
  A rust devil (Depths:2)
  9 cyclopes
  27 salamanders
  8 water nymphs
  8 guardian serpents
  6 merfolk sirens
  An ice statue (IceCv)
  22 vault sentinels
  A frost giant skeleton (Vaults:3)
  15 naga magi
  A naga zombie (Crypt:3)
  An eye of devastation (shapeshifter) (Zot:3)
  2 elephants (Lair:5)
  An orange demon (Depths:1)
  A smoke demon (Abyss:2)
  An alligator snapping turtle zombie (Crypt:3)
  8 cane toads
  3 unseen horrors
  A dire elephant skeleton (Crypt:3)
  A gargoyle (D:10)
  26 yaktaurs
  An alligator snapping turtle skeleton (Crypt:3)
  3 tengu conjurers
  4 freezing wraiths
  10 komodo dragons
  5 tormentors
  6 trolls
  2 merfolk (shapeshifter) (Vaults:3)
  A green draconian skeleton (Crypt:2)
  A troll (shapeshifter) (D:14)
  10 polar bears (IceCv)
  A wind drake (shapeshifter) (D:15)
  4 wind drakes
  4 hornets
  20 merfolk
  2 hellwings
  14 blink frogs
  9 dream sheep
  An ettin zombie (Crypt:3)
  Sigmund (D:5)
  8 snapping turtles
  2 human simulacra (Vaults:3)
  A fire dragon zombie (Crypt:2)
  31 flying skulls (Crypt:3)
  2 air elementals
  23 slime creatures
  3 spriggans
  A jumping spider (shapeshifter) (D:15)
  2 shadows (D:12)
  2 water elementals
  4 basilisks
  71 yaks
  A vampire (D:9)
  An elf zombie (Vaults:4)
  6 wraiths
  A black mamba skeleton (Crypt:1)
  A yak (shapeshifter) (Zot:3)
  A ynoxinul (D:1)
  4 wyverns
  5 chaos spawn
  2 steam dragons
  A human (shapeshifter) (Vaults:5)
  A redback (shapeshifter) (Zot:3)
  3 redbacks (Vaults:2)
  Grum (D:10)
  16 vampire mosquitoes
  9 wargs
  34 nagas
  20 water moccasins
  2 acid dragons
  A hell hound (Abyss:2)
  A deep troll zombie (Crypt:1)
  A glowing shapeshifter skeleton (Crypt:2)
  A water nymph skeleton (Crypt:2)
  2 floating eyes
  2 sky beasts
  A black bear (D:6)
  37 orc warriors
  3 ice beasts
  11 ogres
  30 wolves
  A manticore skeleton (Crypt:1)
  9 centaurs
  2 human zombies (Vaults:4)
  6 kobold brigands
  12 bullfrogs
  3 earth elementals
  7 necrophages
  2 gnoll sergeants
  4 scorpions
  A wyvern skeleton (Crypt:1)
  5 wights (D:7)
  14 killer bees
  3 electric eels
  5 howler monkeys
  A quasit (Abyss:2)
  A gnoll bouda (D:8)
  An iron imp (Abyss:2)
  2 hounds
  15 orc priests
  2 jellies
  3 sleepcaps
  Terence (D:3)
  7 iguanas
  12 orc wizards
  6 small abominations (Abyss:2)
  An acid dragon skeleton (Crypt:1)
  16 gnolls
  11 adders
  13 white imps
  An ufetubus (D:7)
  5 worms
  A dart slug (D:2)
  79 orcs
  7 ball pythons
  9 bats
  7 endoplasms
  3 giant cockroaches
  5 goblins
  7 hobgoblins
  4 jackals
  28 kobolds
  3 quokkas
  A river rat zombie (Crypt:2)
  5 frilled lizards
  A quokka skeleton (Crypt:1)
  3 butterflies
  A spectral weapon (Depths:2)
  6 tentacles
2228 creatures vanquished.

Vanquished Creatures (collateral kills)
  A pandemonium lord (D:15)
  Xtahua (Vaults:3)
  A lich (D:15)
  A sphinx (Vaults:2)
  A nagaraja (Snake:4)
  A vault warden (Vaults:2)
  An ironbound thunderhulk (Vaults:3)
  A yaktaur captain (Vaults:5)
  An ice dragon (D:15)
  A fire dragon (D:15)
  A catoblepas (D:12)
  2 boulder beetles (D:12)
  A naga warrior (Snake:4)
  A two-headed ogre (D:12)
  4 death yaks
  A salamander mystic (Snake:4)
  A skyshark (Lair:1)
  2 ironbound convokers
  An ugly thing (D:12)
  A naga mage (Snake:4)
  A gargoyle (D:12)
  An orange demon (D:15)
  A vampire (D:12)
  A wraith (D:12)
  3 nagas (Snake:4)
  An orc priest (D:12)
  An orc wizard (D:12)
  2 orcs (D:12)
36 creatures vanquished.

Vanquished Creatures (others)
  A black draconian (Zot:3)
  A fire dragon (Depths:4)
  A harpy (Shoals:2)
  An orange demon (Depths:2)
  A water elemental (Elf:1)
  10 tentacles
15 creatures vanquished.

Grand Total: 2279 creatures vanquished

Notes
Turn   | Place    | Note
-------+----------+-------------------------------------------
     0 | D:1      | Voda the Minotaur Gladiator began the quest for the Orb.
     0 | D:1      | Reached XP level 1. HP: 18/18 MP: 0/0
   131 | D:1      | Reached XP level 2. HP: 20/25 MP: 1/1
   585 | D:1      | Reached XP level 3. HP: 31/31 MP: 2/2
  1211 | D:2      | Reached skill level 1 in Armour
  1229 | D:2      | Found Sasust's Book Boutique.
  1712 | D:2      | Reached XP level 4. HP: 40/40 MP: 3/3
  1768 | D:2      | Found a runed translucent door.
  1769 | D:2      | Noticed Crazy Yiuf
  1904 | D:3      | Noticed Terence
  2152 | D:3      | Found a faded altar of an unknown god.
  2152 | D:3      | Noticed a water moccasin
  2152 | D:3      | Found the Hermit's Pendant {Faith Invo=14 Evo=0 MP+5}
  2217 | D:4      | Found a staircase to the Ecumenical Temple.
  2223 | Temple   | Entered the Ecumenical Temple
  2335 | D:4      | Reached XP level 5. HP: 46/46 MP: 4/4
  2359 | D:4      | Reached skill level 5 in Axes
  2404 | D:4      | Noticed an ogre
  2425 | D:4      | Killed an ogre
  2670 | D:4      | Noticed a sky beast
  2677 | D:4      | Killed a sky beast
  2678 | D:4      | Reached skill level 5 in Fighting
  2678 | D:4      | Reached XP level 6. HP: 56/56 MP: 5/5
  2887 | D:5      | Entered Level 5 of the Dungeon
  2953 | D:5      | Found Rukoxyij's Magic Scroll Emporium.
  2961 | D:5      | Bought 2 scrolls of identify for 40 gold pieces
  3095 | D:3      | Killed a water moccasin
  3231 | D:5      | Reached XP level 7. HP: 41/62 MP: 6/6
  3643 | D:4      | Reached skill level 1 in Shields
  3921 | D:5      | Reached skill level 5 in Armour
  3931 | D:5      | Noticed Sigmund
  3946 | D:5      | Killed Sigmund
  3947 | D:5      | Reached XP level 8. HP: 71/71 MP: 7/7
  4257 | D:6      | Found Plog's Armour Shoppe.
  5484 | D:6      | You fall into a shaft and drop 3 floors!
  5675 | D:7      | Reached XP level 9. HP: 23/79 MP: 8/8
  5864 | D:7      | Found a hazy altar of Hepliaklqana.
  5865 | D:7      | Found a white marble altar of Elyvilon.
  5866 | D:7      | Found a broken altar of Ashenzari.
  5870 | D:7      | Found a basalt altar of Yredelemnul.
  5872 | D:7      | Found a glowing silver altar of Zin.
  5875 | D:7      | Found a stormy altar of Qazlal.
  5875 | D:7      | Found a radiant altar of Vehumet.
  5886 | D:7      | Found an iron altar of Okawaru.
  5887 | D:7      | Found a sacrificial altar of Ru.
  5888 | D:7      | Found a bloodstained altar of Trog.
  5889 | D:7      | Became a worshipper of Qazlal Stormbringer
  5972 | D:7      | Reached skill level 5 in Shields
  6038 | D:7      | Found an ancient bone altar of Kikubaaqudgha.
  6352 | D:7      | Reached skill level 10 in Axes
  7094 | D:8      | Reached * piety under Qazlal
  7647 | D:9      | Reached ** piety under Qazlal
  7720 | D:9      | Reached XP level 10. HP: 74/90 MP: 19/19
  8038 | D:9      | Noticed a seven-headed hydra
  8117 | D:9      | Killed a seven-headed hydra
  8593 | D:10     | Entered Level 10 of the Dungeon
  8748 | D:10     | Found a staircase to the Lair.
  8816 | D:10     | Reached *** piety under Qazlal
  8819 | D:10     | Noticed Grum
  8825 | D:10     | Killed Grum
  8979 | D:10     | Reached skill level 10 in Fighting
  9105 | D:10     | Noticed a two-headed ogre
  9114 | D:10     | Killed a two-headed ogre
  9115 | D:10     | Reached XP level 11. HP: 94/99 MP: 20/20
 10086 | D:11     | Noticed a two-headed ogre
 10097 | D:11     | Killed a two-headed ogre
 10109 | D:11     | Noticed Snorg
 10114 | D:11     | Killed Snorg
 10115 | D:11     | Reached skill level 10 in Armour
 10298 | D:11     | Noticed a two-headed ogre
 10304 | D:11     | Killed a two-headed ogre
 10804 | Lair:1   | Entered Level 1 of the Lair of Beasts
 11024 | Lair:1   | Reached XP level 12. HP: 55/110 MP: 21/21
 11025 | Lair:1   | Reached **** piety under Qazlal
 11236 | Lair:1   | Got the Quarto of Therianthropy
 11352 | Lair:1   | Noticed a death yak
 11353 | Lair:1   | Noticed a death yak
 11355 | Lair:1   | Noticed a death yak
 11356 | Lair:1   | Noticed a death yak
 11361 | Lair:1   | Reached skill level 15 in Axes
 11374 | Lair:1   | Noticed a death yak
 11377 | Lair:1   | Killed a death yak
 11380 | Lair:1   | Reached skill level 10 in Shields
 11450 | Lair:1   | Killed a death yak
 11457 | Lair:1   | Killed a death yak
 11870 | Lair:1   | Killed a death yak
 11879 | Lair:1   | Killed a death yak
 12355 | Lair:2   | Reached skill level 5 in Dodging
 12390 | Lair:2   | Noticed a catoblepas
 12399 | Lair:2   | Killed a catoblepas
 12649 | Lair:2   | Found a staircase to the Snake Pit.
 13348 | Lair:2   | Found a staircase to the Shoals.
 13541 | Lair:3   | Reached XP level 13. HP: 115/119 MP: 22/22
 13550 | Lair:3   | Reached ***** piety under Qazlal
 14415 | Lair:3   | Found a runed translucent door.
 15708 | Lair:5   | Entered Level 5 of the Lair of Beasts
 15923 | Lair:5   | Found a runed translucent door.
 15924 | Lair:5   | Found a viscous altar of Jiyva.
 16085 | Lair:5   | Reached XP level 14. HP: 114/129 MP: 23/23
 16788 | D:12     | Noticed Nessos
 16806 | D:12     | Killed Nessos
 17125 | D:12     | Found a staircase to the Orcish Mines.
 17649 | D:12     | Noticed Nergalle
 17659 | D:12     | Killed Nergalle
 17940 | Orc:1    | Entered Level 1 of the Orcish Mines
 18149 | Orc:2    | Entered Level 2 of the Orcish Mines
 18149 | Orc:2    | Found a staircase to the Elven Halls.
 18149 | Orc:2    | Noticed Saint Roka
 18788 | D:13     | Found a frozen archway.
 18931 | IceCv    | Entered an ice cave
 19102 | IceCv    | Reached XP level 15. HP: 120/139 MP: 24/24
 19209 | IceCv    | Got the Teachings on Ensnaring Momentum
 19292 | IceCv    | Noticed a frost giant
 19304 | IceCv    | Killed a frost giant
 19462 | IceCv    | Got the Elucidation of the Vapourous Legion
 19791 | D:13     | Found a gate to the Vaults.
 19865 | D:13     | Reached skill level 15 in Fighting
 20202 | D:5      | Bought a scroll of acquirement for 520 gold pieces
 20202 | D:5      | Bought a scroll of enchant weapon for 75 gold pieces
 20202 | D:5      | Acquired 824 gold pieces
 20831 | D:14     | Reached skill level 10 in Dodging
 20884 | D:14     | Found a bloodstained altar of Trog.
 20969 | D:14     | Noticed Louise
 20989 | D:14     | Killed Louise
 21446 | D:15     | Entered Level 15 of the Dungeon
 21466 | D:15     | Reached skill level 15 in Armour
 21941 | D:15     | Found a staircase to the Depths.
 22955 | Depths:1 | Entered Level 1 of the Depths
 22955 | Depths:1 | Noticed Pojesatusi's ghost (adept HOMo)
 22955 | Depths:1 | Found a transporter.
 23231 | Snake:1  | Entered Level 1 of the Snake Pit
 23711 | Snake:1  | Reached XP level 16. HP: 134/151 MP: 25/25
 23730 | Snake:1  | Reached skill level 15 in Shields
 24343 | Snake:2  | Found Ebuisebe's Mass Market.
 24633 | Snake:2  | Found Caeleoxke's General Store.
 24655 | Snake:2  | Bought a potion of resistance for 150 gold pieces
 24655 | Snake:2  | Bought a scroll of noise for 15 gold pieces
 25316 | Snake:2  | Reached ****** piety under Qazlal
 26049 | Abyss:2  | Cast into level 2 of the Abyss (salamander)
 26192 | Abyss:2  | Found a hide-covered altar of Uskayaw.
 26192 | Abyss:2  | Found an ancient bone altar of Kikubaaqudgha.
 26273 | Abyss:2  | Noticed a tentacled starspawn
 26279 | Abyss:2  | Killed a tentacled starspawn
 26323 | Abyss:2  | Noticed a lich
 26337 | Abyss:2  | Killed a lich
 26360 | Abyss:2  | Found a corrupted altar of Lugonu.
 26391 | Snake:3  | Escaped the Abyss
 26416 | Snake:3  | Reached XP level 17. HP: 162/162 MP: 22/26
 26558 | Snake:3  | Found Buopekh's Book Emporium.
 26583 | Snake:3  | Identified the +3 robe "Pywkor" {Will- Regen+ rCorr Stlth+}
 26618 | Snake:3  | Found a radiant altar of Vehumet.
 27043 | Snake:4  | Entered Level 4 of the Snake Pit
 27901 | Snake:4  | Found a runed translucent gate.
 27901 | Snake:4  | Found a runed translucent gate.
 27901 | Snake:4  | Found a runed translucent gate.
 27911 | Snake:4  | Noticed Cuwuxaq's ghost (adept MiFi)
 28944 | Snake:4  | Got a serpentine rune of Zot
 29171 | Shoals:1 | Entered Level 1 of the Shoals
 29602 | Shoals:1 | Found a runed translucent gate.
 29602 | Shoals:1 | Found a runed translucent gate.
 29602 | Shoals:1 | Found a runed translucent gate.
 29912 | Shoals:2 | Reached XP level 18. HP: 95/173 MP: 27/27
 30305 | Shoals:2 | Found Oluvviy's Overcharged Wands.
 30572 | Shoals:2 | Acquired 965 gold pieces
 31281 | Shoals:3 | Noticed Ilsuiw
 31556 | Shoals:3 | Killed Ilsuiw
 32355 | Shoals:4 | Entered Level 4 of the Shoals
 32382 | Shoals:4 | Reached skill level 15 in Dodging
 32448 | Shoals:4 | Found Galo Xol's Book Emporium.
 32828 | Shoals:4 | Found a runed translucent gate.
 32828 | Shoals:4 | Found a runed translucent gate.
 32828 | Shoals:4 | Found a runed translucent gate.
 33127 | Shoals:4 | Got a barnacled rune of Zot
 33738 | Shoals:4 | Noticed Endy73's ghost (adept TrFi)
 33802 | Shoals:4 | Killed Endy73's ghost
 33811 | Shoals:4 | Identified the ring of Izokk {MP+9 Int+6 Dex+5}
 34083 | Vaults:1 | Entered Level 1 of the Vaults
 34686 | Vaults:1 | Identified the +6 great sword of Hoheemac {elec, +Blink}
 34707 | Vaults:1 | Got Wot Piet's Incunabulum of Frostbitten Changes
 35114 | Vaults:1 | Reached XP level 19. HP: 167/184 MP: 28/28
 35645 | Vaults:2 | Found Paonox's General Store.
 35823 | Vaults:2 | Noticed Norris
 35835 | Vaults:2 | Killed Norris
 37571 | Vaults:3 | Noticed Xtahua
 37599 | Vaults:3 | Killed Xtahua
 37889 | Vaults:3 | Reached XP level 20. HP: 198/198 MP: 29/29
 38295 | Vaults:3 | Found a staircase to the Crypt.
 38295 | Vaults:3 | Found an ancient bone altar of Kikubaaqudgha.
 38296 | Vaults:3 | Found a basalt altar of Yredelemnul.
 40270 | Vaults:4 | Found Arieh's Assorted Antiques.
 40277 | Vaults:4 | Bought a scroll of identify for 74 gold pieces
 40308 | Vaults:4 | Found Lotufuz's Jewellery Boutique.
 40314 | Vaults:4 | Found Utilla's General Store.
 40315 | Vaults:4 | Found Vacas's Book Emporium.
 40328 | Vaults:4 | Bought a scroll of identify for 38 gold pieces
 40343 | Vaults:4 | Found Woommiemp's Magic Scroll Shoppe.
 40351 | Vaults:4 | Bought a scroll of teleportation for 42 gold pieces
 40351 | Vaults:4 | Bought a scroll of teleportation for 42 gold pieces
 40351 | Vaults:4 | Bought a scroll of silence for 133 gold pieces
 40613 | Vaults:4 | Identified the +2 longbow of Lust {heavy, Drain Dex+5}
 41159 | Depths:1 | Found Xologest's General Store.
 41161 | Depths:1 | Found Jerchit's Magic Scroll Shoppe.
 41163 | Depths:1 | Found Muicwodgh's Antique Armour Emporium.
 41167 | Depths:1 | Bought a potion of heal wounds for 120 gold pieces
 41167 | Depths:1 | Bought a scroll of fog for 96 gold pieces
 41169 | Depths:1 | Bought a scroll of enchant armour for 142 gold pieces
 41323 | Depths:1 | Paralysed by a floating eye for 2 turns
 41421 | Depths:1 | Found a gateway to Hell.
 41713 | Depths:1 | Found a transporter.
 41726 | Depths:1 | Found a shadowy altar of Dithmenos.
 41936 | Depths:1 | Found a one-way gate leading to the halls of Pandemonium.
 42064 | Depths:1 | Reached XP level 21. HP: 189/207 MP: 30/30
 42386 | Depths:2 | Found a one-way gateway to a ziggurat.
 43091 | Depths:2 | Found a radiant altar of Vehumet.
 43095 | Depths:2 | Noticed the Enchantress
 43104 | Depths:2 | Killed the Enchantress
 43678 | Depths:3 | Found Dunu's Weapon Emporium.
 43682 | Depths:3 | Noticed Mara
 43687 | Depths:3 | Noticed a golden dragon
 43714 | Depths:3 | Killed Mara
 43718 | Depths:3 | Killed a golden dragon
 43989 | Depths:3 | Found a runed translucent door.
 43989 | Depths:3 | Found a shimmering altar of Xom.
 43989 | Depths:3 | Noticed Woifuwat's ghost (veteran MfIE)
 43992 | Depths:3 | Paralysed by a floating eye for 2 turns
 44959 | Depths:3 | Found a stormy altar of Qazlal.
 45016 | Depths:3 | Found a one-way gate to the infinite horrors of the Abyss.
 45419 | Depths:4 | Entered Level 4 of the Depths
 45876 | Depths:4 | Reached XP level 22. HP: 220/220 MP: 31/31
 45878 | Depths:4 | Noticed a golden dragon
 45895 | Depths:4 | Killed a golden dragon
 46079 | Depths:1 | Bought a glowing scarf for 312 gold pieces
 46355 | Depths:4 | Found a gate to the Realm of Zot.
 46923 | Depths:4 | Noticed a golden dragon
 46943 | Depths:4 | Killed a golden dragon
 47415 | Orc:2    | Killed Saint Roka
 47483 | Orc:2    | Found a runed translucent door.
 47484 | Orc:2    | Found a shimmering altar of Xom.
 47484 | Orc:2    | Noticed Ge0ff's ghost (adept BaCK)
 47755 | Orc:2    | Found Enwedu's Distillery.
 47755 | Orc:2    | Found Iklanin's Antique Armour Boutique.
 47766 | Orc:2    | Bought a potion of heal wounds for 65 gold pieces
 47766 | Orc:2    | Bought a potion of heal wounds for 65 gold pieces
 47766 | Orc:2    | Bought a potion of cancellation for 104 gold pieces
 47766 | Orc:2    | Bought a potion of magic for 104 gold pieces
 47766 | Orc:2    | Bought a potion of haste for 130 gold pieces
 47766 | Orc:2    | Bought a potion of curing for 39 gold pieces
 47766 | Orc:2    | Bought a potion of invisibility for 104 gold pieces
 47870 | Orc:2    | Found Kollat's Book Emporium.
 47870 | Orc:2    | Found Papt's Weapon Boutique.
 47908 | Orc:2    | Bought the +8 trident of the Octopus King {venom, rElec
                  | rPois} for 811 gold pieces
 47908 | Orc:2    | Found the +8 trident of the Octopus King {venom, rElec
                  | rPois}
 48424 | Orc:2    | Reached skill level 1 in Polearms
 48478 | Elf:1    | Entered Level 1 of the Elven Halls
 48576 | Elf:1    | Identified the amulet "Ponaaps" {Reflect Regen+ Str+3
                  | Slay+5 SH+5}
 48838 | Elf:1    | You fall into a shaft and drop 1 floor!
 48845 | Elf:2    | Found a runed translucent gate.
 48845 | Elf:2    | Found a runed translucent gate.
 48845 | Elf:2    | Found a runed translucent gate.
 49060 | Elf:2    | Found a runed translucent door.
 49072 | Elf:2    | Noticed Ge0ff's ghost (adept BaNe)
 49428 | Elf:1    | Identified the +4 chain mail of Joygev {Fly rElec Dex+3}
 50044 | Elf:3    | Entered Level 3 of the Elven Halls
 50067 | Elf:3    | Reached skill level 5 in Polearms
 50318 | Elf:3    | Reached XP level 23. HP: 125/229 MP: 2/32
 50834 | Elf:3    | Identified the +0 leather armour "Trusted Companion"
                  | {Rampage rElec Int+2 Dex+3}
 50861 | Elf:3    | Found the +4 Cigotuvi's embrace {Corpsefed rMiasma Drain
                  | rN+}
 50916 | Elf:3    | Identified the scarf of Umaca {harm, rPois Int+5 Dex+2}
 51126 | Elf:3    | Identified the +8 scale mail of True Grit {rF+ Will-
                  | Regen+}
 51129 | Elf:3    | Identified the ring "Uzulom" {Fire Int+3 Stlth-}
 51387 | Elf:3    | Found Hebbote's Weapon Emporium.
 51812 | Crypt:1  | Entered Level 1 of the Crypt
 53910 | Crypt:3  | Entered Level 3 of the Crypt
 53938 | Crypt:3  | Noticed Zenata
 53958 | Crypt:3  | Killed Zenata
 54447 | Crypt:3  | Noticed an ancient lich
 54480 | Crypt:3  | Killed an ancient lich
 54749 | Crypt:3  | Found a basalt altar of Yredelemnul.
 54786 | Crypt:3  | Found the +3 Mad Mage's Maulers {Infuse+∞ VampMP -Cast}
 54788 | Crypt:3  | Identified the ring of Moap {Ice rPois MP+9 Int-5 SInv}
 54789 | Crypt:3  | Identified the ring of Vuol {rN+ Str+3}
 54789 | Crypt:3  | Identified the amulet "Noejokho" {rElec rF+ Regen+ Str+3}
 54789 | Crypt:3  | Identified the ring of Understanding {*Slow rF+ rN+ rCorr
                  | Int+5}
 55271 | Crypt:3  | Found a staircase to the Tomb.
 55597 | Vaults:5 | Entered Level 5 of the Vaults
 55603 | Vaults:5 | Noticed Jory
 55620 | Vaults:5 | Noticed an ancient lich
 55621 | Vaults:5 | Reached XP level 24. HP: 164/240 MP: 22/32
 55639 | Vaults:4 | Killed Jory
 55643 | Vaults:4 | Killed an ancient lich
 55890 | Vaults:5 | Noticed an ancient lich
 56114 | Vaults:5 | Noticed a dread lich
 56115 | Vaults:5 | Killed an ancient lich
 56353 | Vaults:5 | Paralysed by a dread lich for 4 turns
 56365 | Vaults:4 | Killed a dread lich
 57227 | Vaults:5 | Got a silver rune of Zot
 57264 | Vaults:5 | Noticed an ancient lich
 57284 | Vaults:5 | Killed an ancient lich
 57448 | Vaults:5 | Identified the +7 spear of Pestilence {spect, Fly rN+
                  | rCorr}
 57505 | Vaults:5 | Noticed a dread lich
 57517 | Vaults:5 | Killed a dread lich
 57716 | Vaults:5 | Found Cuisel's Magic Scroll Emporium.
 57716 | Vaults:5 | Found Jeeh's Magic Scroll Shop.
 57876 | Vaults:5 | Bought a scroll of blinking for 172 gold pieces
 57876 | Vaults:5 | Bought a scroll of teleportation for 69 gold pieces
 57876 | Vaults:5 | Bought a scroll of butterflies for 92 gold pieces
 57884 | Vaults:5 | Bought a scroll of teleportation for 42 gold pieces
 57884 | Vaults:5 | Bought a scroll of enchant armour for 105 gold pieces
 57905 | Vaults:5 | Found Arosmot's Magic Scroll Shoppe.
 57910 | Vaults:5 | Bought a scroll of enchant armour for 82 gold pieces
 58136 | Vaults:5 | Bought a scroll of brand weapon for 104 gold pieces
 58136 | Vaults:5 | Bought a scroll of teleportation for 33 gold pieces
 58136 | Vaults:5 | Bought a scroll of teleportation for 33 gold pieces
 58136 | Vaults:5 | Bought a scroll of poison for 44 gold pieces
 58145 | Vaults:5 | Found Wuteup's Magic Scroll Shop.
 58149 | Vaults:5 | Bought a scroll of fear for 68 gold pieces
 58149 | Vaults:5 | Bought a scroll of enchant armour for 127 gold pieces
 58149 | Vaults:5 | Bought a scroll of blinking for 127 gold pieces
 58149 | Vaults:5 | Bought a scroll of teleportation for 51 gold pieces
 58149 | Vaults:5 | Bought a scroll of teleportation for 51 gold pieces
 58149 | Vaults:5 | Bought a scroll of revelation for 127 gold pieces
 58177 | Vaults:5 | Found Jatuyda's Distillery.
 58186 | Vaults:5 | Bought a scroll of brand weapon for 218 gold pieces
 58198 | Vaults:5 | Bought a potion of invisibility for 88 gold pieces
 58198 | Vaults:5 | Bought a potion of heal wounds for 55 gold pieces
 58198 | Vaults:5 | Bought a potion of might for 44 gold pieces
 58198 | Vaults:5 | Bought a potion of might for 44 gold pieces
 58199 | Vaults:5 | Found Soschidu's Distillery.
 58206 | Vaults:5 | Bought a potion of curing for 69 gold pieces
 58206 | Vaults:5 | Bought a potion of curing for 69 gold pieces
 58206 | Vaults:5 | Bought a potion of curing for 69 gold pieces
 58206 | Vaults:5 | Bought 2 potions of might for 184 gold pieces
 58206 | Vaults:5 | Bought a potion of haste for 230 gold pieces
 58206 | Vaults:5 | Bought a potion of invisibility for 184 gold pieces
 58213 | Vaults:5 | Found Veeblyin's Magic Scroll Shoppe.
 58218 | Vaults:5 | Bought a scroll of fog for 52 gold pieces
 58218 | Vaults:5 | Bought a scroll of brand weapon for 123 gold pieces
 58218 | Vaults:5 | Bought a scroll of teleportation for 39 gold pieces
 58218 | Vaults:5 | Bought a scroll of fear for 52 gold pieces
 58280 | Vaults:5 | Identified the +0 cloak of Insatiable Hunger {Will+ Int+5}
 58885 | Zot:1    | Entered Level 1 of the Realm of Zot
 58973 | Zot:1    | Noticed an orb of fire
 58973 | Zot:1    | Gained mutation: You are clumsy. (Dex -2) [an orb of fire]
 58975 | Zot:1    | Gained mutation: You occasionally shout uncontrollably at
                  | your foes. [an orb of fire]
 58983 | Zot:1    | Gained mutation: Armour fits poorly on your strangely
                  | shaped body. [an orb of fire]
 58988 | Zot:1    | Killed an orb of fire
 59230 | Zot:1    | Noticed Vv
 59260 | Zot:1    | Killed Vv
 59656 | Zot:1    | Identified the ring "Xealir" {rPois rC+ rN+ Slay+4}
 60015 | Zot:2    | Lost mutation: You occasionally shout uncontrollably at
                  | your foes. [potion of mutation]
 60015 | Zot:2    | Lost mutation: You are clumsy. (Dex -2) [potion of
                  | mutation]
 60015 | Zot:2    | Lost mutation: Armour fits poorly on your strangely shaped
                  | body. [potion of mutation]
 60015 | Zot:2    | Gained mutation: Your flesh is heat resistant. (rF+)
                  | [potion of mutation]
 60015 | Zot:2    | Gained mutation: You have sharp toenails. [potion of
                  | mutation]
 60143 | Zot:2    | Reached XP level 25. HP: 229/251 MP: 32/32
 61217 | Zot:3    | Noticed a Killer Klown
 61218 | Zot:3    | Noticed a Killer Klown
 61230 | Zot:3    | Noticed a Killer Klown
 61244 | Zot:3    | Killed a Killer Klown
 61249 | Zot:3    | Killed a Killer Klown
 61277 | Zot:3    | Killed a Killer Klown
 61548 | Zot:3    | Found a shimmering altar of Xom.
 61549 | Zot:3    | Found a shimmering altar of Xom.
 61549 | Zot:3    | Found a shimmering altar of Xom.
 61549 | Zot:3    | Found a glowing silver altar of Zin.
 61549 | Zot:3    | Found a shimmering altar of Xom.
 62458 | Zot:3    | Identified the +2 leather armour "Forget-Me-Not" {*Slow
                  | rN++ Str-2 Slay+5}
 62556 | Zot:4    | Noticed a Killer Klown
 62610 | Zot:4    | Killed a Killer Klown
 63489 | Zot:4    | Found a runed translucent door.
 63491 | Zot:4    | Noticed Dawneret's ghost (master GnFi)
 63925 | Zot:5    | Entered Level 5 of the Realm of Zot
 63932 | Zot:5    | Noticed an orb of fire
 63936 | Zot:5    | Gained mutation: You are weak. (Str -2) [an orb of fire]
 64036 | Zot:4    | Gained mutation: You occasionally lose the ability to drink
                  | potions when taking damage. [an orb of fire]
 64047 | Zot:4    | Killed an orb of fire
 64095 | Zot:5    | Lost mutation: You are weak. (Str -2) [potion of mutation]
 64095 | Zot:5    | Lost mutation: You occasionally lose the ability to drink
                  | potions when taking damage. [potion of mutation]
 64095 | Zot:5    | Gained mutation: You are covered in fur. (AC +1) [potion of
                  | mutation]
 64095 | Zot:5    | Gained mutation: Your magical capacity is low. (-10% MP)
                  | [potion of mutation]
 64095 | Zot:5    | Gained mutation: You occasionally shout uncontrollably at
                  | your foes. [potion of mutation]
 64095 | Zot:5    | Gained mutation: You expend magic power (3 MP) to
                  | strengthen your wands. [potion of mutation]
 64339 | Zot:5    | Reached XP level 26. HP: 264/264 MP: 29/29
 64456 | Zot:5    | Noticed an orb of fire
 64462 | Zot:5    | Killed an orb of fire
 64466 | Zot:5    | Noticed an orb of fire
 64470 | Zot:5    | Noticed an orb of fire
 64471 | Zot:5    | Noticed an orb of fire
 64475 | Zot:5    | Killed an orb of fire
 64475 | Zot:5    | Noticed a dread lich
 64477 | Zot:5    | Noticed an orb of fire
 64478 | Zot:5    | Gained mutation: You are weak. (Str -2) [an orb of fire]
 64478 | Zot:5    | Noticed an orb of fire
 64483 | Zot:4    | Killed an orb of fire
 64485 | Zot:4    | Killed an orb of fire
 64494 | Zot:5    | Killed a dread lich
 64495 | Zot:5    | Killed an orb of fire
 64499 | Zot:5    | Noticed an orb of fire
 64499 | Zot:5    | Killed an orb of fire
 64517 | Zot:4    | Killed an orb of fire
 64518 | Zot:4    | Reached skill level 27 in Fighting
 64767 | Zot:5    | Reached skill level 27 in Armour
 65336 | Zot:5    | Noticed a dread lich
 65349 | Zot:5    | Killed a dread lich
 65350 | Zot:5    | Reached skill level 27 in Shields
 65672 | Zot:5    | Identified the +8 spear of Reason {heavy, rPois}
 65895 | Zot:5    | Got the Orb of Zot
 66049 | Depths:2 | Noticed Fieluopn the pandemonium lord
 66059 | Depths:2 | Killed Fieluopn the pandemonium lord
 66121 | Depths:1 | Noticed a seraph
 66184 | D:15     | Noticed Foecilis the pandemonium lord
 66194 | D:15     | Killed Foecilis the pandemonium lord
 66245 | D:14     | Noticed Enkoa the pandemonium lord
 66374 | D:9      | Gained mutation: Your spells are a little easier to cast,
                  | but a little less powerful. [a cacodemon]
 66460 | D:5      | Noticed Piotuipsef the pandemonium lord
 66466 | D:5      | Killed Piotuipsef the pandemonium lord
 66505 | D:3      | Killed Terence
 66594 | D:$      | Escaped with the Orb!

Illustrated notes

Levels and vault maps discovered:
D:1:      mrwooster_arrival_statue, layout_loops_ring, minmay_quantized
D:2:      layout_basic, serial_shops, shop, nrook_loot_triangle,
          uniq_crazy_yiuf_cottage
D:3:      layout_rooms, amcnicky_altar_gilded, hellmonk_guarded_unrand_hermit,
          uniq_terence
D:4:      layout_loops_ring, minmay_temple_entry_statues
D:5:      layout_cave_pools, serial_shops, shop, uniq_sigmund
D:6:      layout_basic, serial_shops, shop_fountains, serial_bayou,
          serial_bayou_lagoon_a, serial_bayou_pond_e, serial_bayou_pond_a,
          serial_bayou_shore_b
D:7:      layout_basic, nicolae_overflow_hallway_of_the_gods,
          mainiacjoe_overflow_concentric_impassable, kennysheep_generic_room_2
D:8:      layout_rooms
D:9:      layout_basic
D:10:     lemuel_ice_spiral_2, layout_irregular_city,
          grunt_lair_entry_orc_guard_hut, uniq_grum
D:11:     layout_gridville, uniq_snorg
D:12:     hangedman_cross_stitches, layout_loops_corners, orc_0_dummy,
          uniq_nessos, uniq_nergalle
D:13:     layout_stronghold, erik_vaults_2, portal_ice_cave_entry_imps
D:14:     layout_roguey, trog_three_pillars_becter, uniq_louise
D:15:     grunt_enter_depths_hoard, layout_basic
Temple:   chequers_temple_sunken
Lair:1:   layout_gridlike
Lair:2:   minmay_lair_venomous_thicket, layout_cave_pods,
          minmay_shoals_entry_hut, minmay_snake_entry_six_corridors,
          chequers_serial_rivers_small_a, lemuel_fruit_fields
Lair:3:   gammafunk_lair_enchanted_lake, layout_chaotic_city,
          roderic_carrion_pond, lemuel_fruit_fields
Lair:4:   layout_regular_city, grunt_megastairs_4, serial_bayou_shore_a
Lair:5:   hangedman_lair_in_review, layout_regular_city,
          hangedman_lair_caniforms_friends, slime_entry_2
Shoals:1: layout_shoals, nicolae_shoals_beach_cooler
Shoals:2: layout_shoals, abandoned_shop, nicolae_shop_overcharged_wands
Shoals:3: layout_shoals, uniq_ilsuiw
Shoals:4: shoals_end_hangedman, layout_shoals, serial_shops, shop,
          ebering_ghost_rock_garden, nicolae_shoals_beach_house_on_fowls_legs
Snake:1:  layout_grid_shapes
Snake:2:  layout_chambers, serial_shops, nicolae_shop_rolling_square,
          minmay_shop_mass, grunt_megastairs_3
Snake:3:  layout_misc_corridors, serial_shops, nicolae_shop_stone, basic_altar,
          nicolae_snake_salamander_fort
Snake:4:  snake_pit_salamanders_mu, layout_onion, gammafunk_ghost_split
Orc:1:    layout_caves
Orc:2:    st_orc_town, layout_caves, ebering_ghost_xom, minmay_orc_temple_c,
          uniq_saint_roka
Elf:1:    minmay_elf_arrival_plus, layout_geoelf_diagonals,
          kennysheep_underground_church
Elf:2:    elven_hall_of_blades_hangedman_original
          [nicolae_blade_entry_sentries_behind_glass], layout_gridlike,
          ebering_ghost_reflecting_pool
Elf:3:    grunt_elf_hall_diamonds, layout_gridlike, serial_shops, shop
Vaults:1: vaults_room_fours, nicolae_vaults_security_offices_3,
          ontoclasm_vaults_decontamination, v_rooms_3, v_misc_32,
          vaults_room_ringed_pool, v_misc_9, nicolae_vaults_trapezoid_3,
          nicolae_vaults_network_periphery, nicolae_vaults_trapezoid_lopsided_1,
          nicolae_vaults_diagonal_hallway_6, nicolae_vaults_big_ls,
          vaults_room_stairs_pillars, layout_vaults_omnibox
Vaults:2: nicolae_vaults_offset_grid_hallway_2, v_alt_pattern_3,
          nicolae_vaults_trapezoid_lopsided_1, nicolae_vaults_trapezoid_3,
          vaults_room_guarded_vault, nicolae_vaults_windows_and_doors_thing,
          vaults_room_corners, nicolae_vaults_two_Ls, hangedman_vaults_slice,
          nicolae_vaults_closet_pinwheel_6, vaults_room_fours, v_misc_17,
          layout_vaults_big_room, serial_shops, nicolae_diamond_shop,
          uniq_norris
Vaults:3: vaults_dpeg_encased_lava, nicolae_vaults_trapezoid_2,
          nicolae_vaults_loss_of_containment, hangedman_vaults_slice,
          minmay_crypt_entry_necro_gods, hangedman_vaults_nails,
          nicolae_vaults_diamond_1, layout_vaults_quadrants, uniq_xtahua
Vaults:4: vaults_mumra_minichess, v_rooms_1, nicolae_vaults_minivaults,
          vaults_standard_mumra_enter_the_diamond, v_misc_11, vaults_mumra_lcd,
          nicolae_vaults_trapezoid_1, nicolae_vaults_frosty_reception,
          v_pattern_4, nicolae_vaults_asterisk, nicolae_vaults_diamond_2,
          nicolae_vaults_trapezoid_1, serial_ice_g, layout_vaults_ring,
          serial_shops, nicolae_shop_gibbet_a_chance, shop, shop,
          nicolae_shop_overgrown_old_shop, shop_fountains
Vaults:5: uniq_jory
Crypt:1:  layout_basic, minivault_25, minivault_11
Crypt:2:  layout_chaotic_city
Crypt:3:  cryptofortress_bobbens, uniq_zenata
Depths:1: layout_small_grid, rand_demon_pan_entry_8, gammafunk_ghost_arena,
          hell_entry, hangedman_abyss_or_decor_lesser_grid,
          minmay_misc_feat_ornament, minmay_misc_feat_encased, st_stairs_14,
          grunt_dithmenos_smoke, minmay_shop_star
Depths:2: grunt_forest_end_shrine, layout_honeycomb, enter_ziggurat_c,
          rand_demon_pan_entry_5, hell_entry, kennysheep_cluttered_room,
          minmay_misc_feat_more_columns, uniq_enchantress
Depths:3: cheibrodos_quadrivalence, layout_basic, ebering_ghost_xom,
          serial_sigils_hangedman_scar, abyss_entry, serial_shops,
          nicolae_shop_temple_entry_statues_fountains, grunt_hell_horde,
          nicolae_qazlal_style_of_elements, serial_bayou_shore_b, uniq_mara
Depths:4: grunt_x_marks_the_spot, layout_gridville, minmay_strange_pillars,
          grunt_hell_entry_dis_mu
Zot:1:    layout_twisted_circle, st_small_dragon_hoard_1, uniq_vv
Zot:2:    layout_basic, grunt_megastairs_5
Zot:3:    dreamdust_zin_vs_xom, layout_onion
Zot:4:    layout_twisted_circle, hellmonk_ghost_big_iron
Zot:5:    layout_misc_corridors

Skill      XL: |  1  2  3  4  5  6  7  8  9 10 11 12 13 14 15 16 17 18 19 20 21 22 23 24 25 26 |
---------------+-------------------------------------------------------------------------------+-----
Axes           | 4 5 6 7 9 11 13 14 16 17 19 20 21 22 24 | 24.1
Fighting       | 3 4 5 6 7 8 10 11 12 13 14 16 17 18 19 21 22 23 24 25 26 27 | 27.0
Armour         | 1 2 3 4 5 6 7 9 10 11 13 14 15 17 18 19 20 21 22 23 24 25 26 27 | 27.0
Shields        | 2 4 6 8 9 10 12 13 14 16 17 19 20 21 22 23 24 25 26 27 | 27.0
Dodging        | 5 7 9 11 12 14 15 17 18 19 20 21 22 23 24 | 24.3
Polearms       | 6 8 |  8.0
Throwing       | |  2.5

Action                     |  1- 3 |  4- 6 |  7- 9 | 10-12 | 13-15 | 16-18 | 19-21 | 22-24 | 25-27 || total
---------------------------+-------+-------+-------+-------+-------+-------+-------+-------+-------++-------
  Melee: War axe           |    88 |    98 |   285 |   399 |   379 |       |       |       |       ||  1249
         Headbutt          |    10 |    11 |    64 |    88 |   217 |   247 |   395 |   473 |   257 ||  1762
         Punch             |       |       |     2 |       |       |       |       |       |       ||     2
         Broad axe         |       |       |       |       |   442 |  1060 |  1271 |  1540 |   803 ||  5116
  Throw: Throwing net      |       |     4 |     3 |     1 |       |       |       |       |       ||     8
         Javelin           |       |     1 |     4 |       |       |       |       |       |       ||     5
         Dart              |       |       |       |    22 |     1 |       |       |     1 |       ||    24
 Invoke: Upheaval          |       |       |       |    11 |    18 |    17 |    17 |    16 |     1 ||    80
         Elemental Force   |       |       |       |     1 |     4 |     2 |     3 |     1 |     1 ||    12
         Disaster Area     |       |       |       |       |     3 |     1 |     2 |     6 |       ||    12
  Evoke: Wand              |       |     7 |    13 |    11 |     7 |       |       |     3 |     1 ||    42
    Use: Scroll            |       |     7 |     2 |     2 |    18 |     6 |     4 |    21 |     8 ||    68
         Potion            |       |     1 |     1 |       |     1 |       |       |     3 |    20 ||    26
   Stab: Sleeping          |     2 |       |       |       |       |       |       |       |       ||     2
         Held in net/web   |       |       |     2 |       |       |       |       |       |       ||     2
         Paralysed         |       |       |       |     1 |     1 |       |     5 |       |     2 ||     9
         Petrified         |       |       |       |       |     7 |       |       |       |       ||     7
         Distracted        |       |       |       |       |       |     1 |     1 |       |       ||     2
 Armour: Leather armour    |    12 |       |       |       |       |       |       |       |       ||    12
         Chain mail        |    44 |    55 |    64 |       |       |       |       |       |       ||   163
         Plate armour      |       |       |    39 |   136 |   176 |       |       |       |       ||   351
         Crystal plate arm |       |       |       |       |    95 |   283 |   422 |    22 |       ||   822
         Gold dragon scale |       |       |       |       |       |       |       |   424 |   348 ||   772
         Skin              |       |       |       |       |       |       |       |       |     4 ||     4
  Dodge: Dodged            |    54 |    57 |   101 |    67 |   124 |   191 |   238 |   322 |   222 ||  1376
         Repelled          |       |       |       |       |     2 |    16 |    11 |    29 |    28 ||    86
  Block: Kite shield       |       |       |    86 |   278 |   297 |       |       |       |       ||   661
         Tower shield      |       |       |       |       |   443 |  1244 |  1428 |  1619 |  1063 ||  5797

Table legend: (Time is in decaauts)
 A = Elapsed time spent in this place.
 B = Non-inter-level travel time spent in this place.
 C = Inter-level travel time spent in this place.
 D = Time resting spent in this place.
 E = Time spent auto-exploring this place.
 F = Levels seen in this place.
 G = Mean time per level.
                   A        B        C        D        E       F      G
               +--------+--------+--------+--------+--------+-----+--------+
         Total |  65596 |  60237 |   5359 |  11175 |  33483 |  53 | 1237.7 |
       Dungeon |  17383 |  14932 |   2451 |   2724 |   7091 |  15 | 1158.9 |
        Temple |     94 |     94 |      0 |      0 |      0 |   1 |   94.0 |
          Lair |   6182 |   5525 |    657 |    936 |   3279 |   5 | 1236.4 |
        Shoals |   4708 |   4502 |    206 |    971 |   2745 |   4 | 1177.0 |
     Snake Pit |   5451 |   5171 |    280 |    907 |   3045 |   4 | 1362.8 |
  Orcish Mines |   1424 |   1334 |     90 |     61 |    858 |   2 |  712.0 |
   Elven Halls |   3103 |   2954 |    149 |    211 |   2118 |   3 | 1034.3 |
        Vaults |   9362 |   8640 |    722 |   1469 |   5292 |   5 | 1872.4 |
         Crypt |   3601 |   3478 |    123 |    761 |   1918 |   3 | 1200.3 |
        Depths |   6319 |   5838 |    481 |   1286 |   3094 |   4 | 1579.8 |
           Zot |   6882 |   6685 |    197 |   1691 |   3604 |   5 | 1376.4 |
         Abyss |    327 |    327 |      0 |      0 |    114 |   1 |  327.0 |
      Ice Cave |    755 |    755 |      0 |    158 |    323 |   1 |  755.0 |
               +--------+--------+--------+--------+--------+-----+--------+

Top non-repeatable levels by time:
Vaults:4: 2689 daAuts
    D:15: 1861 daAuts
Vaults:2: 1829 daAuts
Depths:2: 1756 daAuts
 Snake:4: 1749 daAuts
   Zot:4: 1689 daAuts
Vaults:5: 1675 daAuts
Vaults:3: 1620 daAuts
 Snake:2: 1618 daAuts
  Lair:2: 1600 daAuts
   Zot:3: 1596 daAuts
Depths:3: 1580 daAuts
Vaults:1: 1549 daAuts
    D:12: 1537 daAuts
   Elf:3: 1530 daAuts
